AA SOUTH
BILOXI SHUCKERS @ MISSISSIPPI BRAVES
08/05/2041
 
TOP OF THE 1ST
Biloxi Shuckers batting - Pitching for Mississippi Braves : LHP Luis Días
Pitching: LHP Luis Días
Batting: LHB José Flores 0-0: Fly out, F1 (Popup, P, EV 89.4 MPH)
Batting: SHB Joe Campbell 0-0: Called Strike
0-1: Foul Ball, location: 5FF
0-2: Strikes out swinging
Batting: RHB Steve Jobson 0-0: Ball
1-0: Called Strike
1-1: Swinging Strike
1-2: Foul Ball, location: 25F
1-2: Ball
2-2: Ball
3-2: Strikes out looking
Top of the 1st over - 0 runs, 0 hits, 0 errors, 0 left on base; Biloxi 0 - Mississippi 0
BOTTOM OF THE 1ST
Mississippi Braves batting - Pitching for Biloxi Shuckers : RHP Arturo Acevedo
Pitching: RHP Arturo Acevedo
Batting: LHB Octávio Méndez 0-0: Called Strike
0-1: Ball
1-1: Ball
2-1: Ball
3-1: Base on Balls
Batting: LHB Jorge Guevara 0-0: Called Strike
0-1: SINGLE (Line Drive, 4MD, EV 93.8 MPH)
Octávio Méndez to second
Batting: LHB Jim Hammer 0-0: Called Strike
0-1: Foul Ball, location: 2F
0-2: Ball
1-2: Strikes out swinging
Batting: RHB Kevin Dooley 0-0: Called Strike
Octávio Méndez is caught stealing 3rd base 2-5
Jorge Guevara to second
0-1: Fly out, F9 (Flyball, 89S, EV 83.8 MPH)
Bottom of the 1st over - 0 runs, 1 hit, 0 errors, 1 left on base; Biloxi 0 - Mississippi 0
TOP OF THE 2ND
Biloxi Shuckers batting - Pitching for Mississippi Braves : LHP Luis Días
Batting: RHB Héctor Takahashi 0-0: Called Strike
0-1: Fly out, F9 (Flyball, 89M, EV 95.0 MPH)
Batting: RHB Bobby McClure 0-0: Called Strike
0-1: Ball
1-1: Ball
2-1: SINGLE (Groundball, 13S, EV 72.5 MPH) (infield hit)
Batting: RHB Jeff Huff 0-0: Ball
1-0: Ball
2-0: Ball
3-0: Base on Balls
Bobby McClure to second
Batting: LHB Leo Anderson 0-0: Called Strike
0-1: Fly out, F4 (Line Drive, 4D, EV 65.0 MPH)
Lined into DP, 4-6 (Line Drive, 4D, EV 65.0 MPH)
Top of the 2nd over - 0 runs, 1 hit, 0 errors, 1 left on base; Biloxi 0 - Mississippi 0
BOTTOM OF THE 2ND
Mississippi Braves batting - Pitching for Biloxi Shuckers : RHP Arturo Acevedo
Batting: RHB Darryl Hayes 0-0: Swinging Strike
0-1: Called Strike
0-2: Ball
1-2: Strikes out swinging
Batting: SHB Tsuginori Koike 0-0: Ball
1-0: Ball
2-0: Ball
3-0: Base on Balls
Batting: LHB Augusto Rivera 0-0: Called Strike
0-1: Ball
1-1: Ball
2-1: Ball
3-1: Grounds into double play, 4-6-3 (Groundball, 4, EV 105.6 MPH)
Bottom of the 2nd over - 0 runs, 0 hits, 0 errors, 0 left on base; Biloxi 0 - Mississippi 0
TOP OF THE 3RD
Biloxi Shuckers batting - Pitching for Mississippi Braves : LHP Luis Días
Batting: LHB Clement Santegoeds 0-0: Called Strike
0-1: Called Strike
0-2: Ball
1-2: Strikes out swinging
Batting: LHB Cisco Fierro 0-0: Ball
1-0: Ball
2-0: Called Strike
2-1: Called Strike
2-2: Foul Ball, location: 7LDF
2-2: Ball
3-2: Foul Ball, location: 2F
3-2: Strikes out swinging
Batting: LHB José Flores 0-0: TRIPLE (Flyball, 8RXD, EV 97.5 MPH)
Batting: SHB Joe Campbell 0-0: Ball
1-0: Foul Ball, location: 23F
1-1: Foul Ball, location: 25F
1-2: Foul Ball, location: 2F
1-2: Fly out, F3 (Popup, 3F, EV 66.3 MPH)
Top of the 3rd over - 0 runs, 1 hit, 0 errors, 1 left on base; Biloxi 0 - Mississippi 0
BOTTOM OF THE 3RD
Mississippi Braves batting - Pitching for Biloxi Shuckers : RHP Arturo Acevedo
Batting: RHB José Vargas 0-0: Foul Ball, location: 9LSF
0-1: Ball
1-1: Foul Ball, location: 2F
1-2: Strikes out swinging
Batting: RHB Luis Morán 0-0: Ball
1-0: Ball
2-0: Called Strike
2-1: Swinging Strike
2-2: Ball
3-2: Base on Balls
Batting: LHB Octávio Méndez 0-0: Ball
1-0: Called Strike
1-1: Ball
2-1: Foul Ball, location: 2F
2-2: Fly out, F4 (Popup, 4, EV 56.9 MPH)
Batting: LHB Jorge Guevara 0-0: Ball
1-0: Ground out 4-3 (Groundball, 4, EV 108.1 MPH)
Bottom of the 3rd over - 0 runs, 0 hits, 0 errors, 1 left on base; Biloxi 0 - Mississippi 0
TOP OF THE 4TH
Biloxi Shuckers batting - Pitching for Mississippi Braves : LHP Luis Días
Batting: RHB Steve Jobson 0-0: Called Strike
0-1: Ball
1-1: Ball
2-1: Ball
3-1: Base on Balls
Batting: RHB Héctor Takahashi 0-0: Foul Ball, location: 2F
0-1: Ball
1-1: Called Strike
1-2: Strikes out swinging
Batting: RHB Bobby McClure 0-0: Called Strike
0-1: Fly out, F8 (Flyball, 8RD, EV 103.8 MPH)
Batting: RHB Jeff Huff 0-0: Called Strike
0-1: Ball
1-1: Swinging Strike
1-2: Fielders Choice at 2nd, 6-4 (Groundball, 6, EV 86.9 MPH)
Top of the 4th over - 0 runs, 0 hits, 0 errors, 1 left on base; Biloxi 0 - Mississippi 0
BOTTOM OF THE 4TH
Mississippi Braves batting - Pitching for Biloxi Shuckers : RHP Arturo Acevedo
Batting: LHB Jim Hammer 0-0: Ball
1-0: TRIPLE (Groundball, 3D, EV 103.8 MPH)
Batting: RHB Kevin Dooley 0-0: Ball
1-0: Swinging Strike
1-1: Ball
2-1: Called Strike
2-2: Strikes out swinging
Batting: RHB Darryl Hayes 0-0: Ball
1-0: Ball
2-0: Ball
3-0: Base on Balls
Batting: SHB Tsuginori Koike 0-0: Swinging Strike
0-1: Fly out, F8 (Flyball, 8LD, EV 103.8 MPH)
Runner from 3rd tags up, SCORES, throw by CF
Batting: LHB Augusto Rivera 0-0: Called Strike
0-1: Foul Ball, location: 9LDF
0-2: Ball
1-2: Fielders Choice at 2nd, 6-4 (Groundball, 6, EV 86.3 MPH)
Bottom of the 4th over - 1 run, 1 hit, 0 errors, 1 left on base; Biloxi 0 - Mississippi 1
TOP OF THE 5TH
Biloxi Shuckers batting - Pitching for Mississippi Braves : LHP Luis Días
Batting: LHB Leo Anderson 0-0: Fly out, F8 (Flyball, 8LXD, EV 89.4 MPH)
Batting: LHB Clement Santegoeds 0-0: Ball
1-0: Called Strike
1-1: Ball
2-1: Fly out, F8 (Flyball, 8LS, EV 81.9 MPH)
Batting: LHB Cisco Fierro 0-0: Ball
1-0: Called Strike
1-1: Ball
2-1: Ground out 6-3 (Groundball, 6MS, EV 66.3 MPH)
Top of the 5th over - 0 runs, 0 hits, 0 errors, 0 left on base; Biloxi 0 - Mississippi 1
BOTTOM OF THE 5TH
Mississippi Braves batting - Pitching for Biloxi Shuckers : RHP Arturo Acevedo
Batting: RHB José Vargas 0-0: Called Strike
0-1: Foul Ball, location: 2F
0-2: Foul Ball, location: 2F
0-2: Fly out, F4 (Popup, 4M, EV 78.8 MPH)
Batting: RHB Luis Morán 0-0: Called Strike
0-1: Ball
1-1: Ball
2-1: Foul Ball, location: 2F
2-2: Foul Ball, location: 2F
2-2: Strikes out looking
Batting: LHB Octávio Méndez 0-0: Called Strike
0-1: Ball
1-1: Called Strike
1-2: Ball
2-2: Ball
3-2: DOUBLE (Line Drive, 7LM, EV 101.3 MPH)
Batting: LHB Jorge Guevara 0-0: Ground out 6-3 (Groundball, 6, EV 84.4 MPH)
Bottom of the 5th over - 0 runs, 1 hit, 0 errors, 1 left on base; Biloxi 0 - Mississippi 1
TOP OF THE 6TH
Biloxi Shuckers batting - Pitching for Mississippi Braves : LHP Luis Días
Batting: LHB José Flores 0-0: Ball
1-0: Called Strike
1-1: Called Strike
1-2: Foul Ball, location: 9LMFF
1-2: Ball
2-2: Strikes out swinging
Batting: SHB Joe Campbell 0-0: Ball
1-0: Called Strike
1-1: Ball
2-1: DOUBLE (Flyball, 78D, EV 112.5 MPH)
Batting: RHB Steve Jobson 0-0: Called Strike
0-1: Called Strike
0-2: Foul Ball, location: 7LMF
0-2: Ball
1-2: Strikes out swinging
Batting: RHB Héctor Takahashi 0-0: Ball
1-0: Swinging Strike
1-1: Swinging Strike
1-2: Ball
2-2: Foul Ball, location: 2F
2-2: Ball
3-2: Strikes out looking
Top of the 6th over - 0 runs, 1 hit, 0 errors, 1 left on base; Biloxi 0 - Mississippi 1
BOTTOM OF THE 6TH
Mississippi Braves batting - Pitching for Biloxi Shuckers : RHP Arturo Acevedo
Batting: LHB Jim Hammer 0-0: Called Strike
0-1: Called Strike
0-2: Ball
1-2: Ball
2-2: Foul Ball, location: 5SF
2-2: Ground out 3-1 (Groundball, 34, EV 92.5 MPH)
Batting: RHB Kevin Dooley 0-0: Called Strike
0-1: Foul Ball, location: 2LF
0-2: Ball
1-2: DOUBLE (Line Drive, 9LD, EV 108.8 MPH)
Batting: RHB Darryl Hayes 0-0: Foul Ball, location: 2F
0-1: Swinging Strike
0-2: Foul Ball, location: 9LDF
0-2: Strikes out swinging
Batting: SHB Tsuginori Koike 0-0: Ball
1-0: Called Strike
1-1: Ball
2-1: Foul Ball, location: 5DF
2-2: Fly out, F8 (Flyball, 8RD, EV 94.4 MPH)
Bottom of the 6th over - 0 runs, 1 hit, 0 errors, 1 left on base; Biloxi 0 - Mississippi 1
TOP OF THE 7TH
Biloxi Shuckers batting - Pitching for Mississippi Braves : LHP Luis Días
Batting: RHB Bobby McClure 0-0: Ball
1-0: SINGLE (Groundball, 6M, EV 104.4 MPH)
Batting: RHB Jeff Huff 0-0: Ball
1-0: Fly out, F8 (Flyball, 89D, EV 106.9 MPH)
Pinch Hitting: RHB José Hernández 0-0: Called Strike
0-1: Ball
1-1: Ball
2-1: Fly out, F8 (Line Drive, 89S, EV 93.1 MPH)
Pinch Hitting: RHB Alfredo Villa 0-0: Swinging Strike
0-1: Ball
1-1: Swinging Strike
1-2: Foul Ball, location: 25F
1-2: Strikes out swinging
Top of the 7th over - 0 runs, 1 hit, 0 errors, 1 left on base; Biloxi 0 - Mississippi 1
BOTTOM OF THE 7TH
Mississippi Braves batting - Pitching for Biloxi Shuckers : RHP Arturo Acevedo
Now at 3B: Ezra Williams
Now in CF: Steve Jobson
Now in RF: Jerry Hobbs
Batting: LHB Augusto Rivera 0-0: Called Strike
0-1: Foul Ball, location: 5F
0-2: Ball
1-2: Ball
2-2: Ball
3-2: Base on Balls
Pitching: LHP Zak King
Batting: RHB José Vargas 0-0: Foul Ball, location: 9LDF
0-1: Foul Ball, location: 2F
0-2: Strikes out swinging
Batting: RHB Luis Morán 0-0: Foul Ball, location: 9LSF
0-1: Foul Ball, location: 2F
0-2: Ball
1-2: Ball
2-2: Foul Ball, location: 2F
2-2: Ball
3-2: Fly out, F8 (Flyball, 8LD, EV 91.9 MPH)
Batting: LHB Octávio Méndez Pickoff Throw to First - Error! E1
Augusto Rivera to second
0-0: Ball
1-0: SINGLE (Line Drive, 4MD, EV 110.6 MPH)
Augusto Rivera to third
Runner from 3rd tries for Home, SAFE, throw by CF to home
Batting: LHB Jorge Guevara 0-0: Foul Ball, location: 7LDF
0-1: Ball
1-1: Swinging Strike
1-2: Ball
Wild Pitch!
Octávio Méndez to second
2-2: Ground out 3-1 (Groundball, 34, EV 81.9 MPH)
Bottom of the 7th over - 1 run, 1 hit, 1 error, 1 left on base; Biloxi 0 - Mississippi 2
TOP OF THE 8TH
Biloxi Shuckers batting - Pitching for Mississippi Braves : LHP Luis Días
Pitching: RHP Steve Bowers
Batting: LHB Cisco Fierro 0-0: Called Strike
0-1: Ball
1-1: Foul Ball, location: 5F
1-2: Ground out 6-3 (Groundball, 6, EV 87.5 MPH)
Batting: LHB José Flores 0-0: Ground out 6-3 (Groundball, 6M, EV 97.5 MPH)
Batting: SHB Joe Campbell 0-0: Ball
1-0: Ball
2-0: Called Strike
2-1: Ball
3-1: Called Strike
3-2: Fly out, F7 (Line Drive, 78D, EV 90.6 MPH)
Top of the 8th over - 0 runs, 0 hits, 0 errors, 0 left on base; Biloxi 0 - Mississippi 2
BOTTOM OF THE 8TH
Mississippi Braves batting - Pitching for Biloxi Shuckers : LHP Zak King
Batting: LHB Jim Hammer 0-0: Ball
1-0: Fly out, F9 (Line Drive, 9, EV 98.1 MPH)
Batting: RHB Kevin Dooley 0-0: Ball
1-0: Ball
2-0: Swinging Strike
2-1: Ground out 5-3 (Groundball, 56S, EV 90.6 MPH)
Batting: RHB Darryl Hayes 0-0: Ball
1-0: Fly out, F9 (Flyball, 9, EV 91.9 MPH)
Bottom of the 8th over - 0 runs, 0 hits, 0 errors, 0 left on base; Biloxi 0 - Mississippi 2
TOP OF THE 9TH
Biloxi Shuckers batting - Pitching for Mississippi Braves : RHP Steve Bowers
Pitching: RHP Oscar Baumgardener
Batting: RHB Steve Jobson 0-0: Ball
1-0: Foul Ball, location: 9LSF
1-1: Ball
2-1: Swinging Strike
2-2: Strikes out swinging
Pinch Hitting: LHB Jorge Peralas 0-0: Ball
1-0: Foul Ball, location: 25F
1-1: Swinging Strike
1-2: Ball
2-2: Foul Ball, location: 2F
2-2: Strikes out swinging
Pinch Hitting: LHB Augusto Ávila 0-0: Ball
1-0: Ball
2-0: Ball
3-0: Base on Balls
Batting: RHB Jeff Huff 0-0: Ball
1-0: Ball
2-0: Ball
3-0: Fielders Choice at 2nd, 5-4 (Groundball, 56, EV 68.8 MPH)
Top of the 9th over - 0 runs, 0 hits, 0 errors, 1 left on base; Biloxi 0 - Mississippi 2
Monday, April 1st , 2024 - OOTP Baseball 24.10 Build 82